Map: Odyssey LE

Players

LogicPuzzle - Winner!

  • Race: Zerg Zerg
  • League: Gold
  • Spawn Location: 11:00

A.I. 1 (Elite)

  • Race: Protoss Protoss
  • Spawn Location: 5:00

VOD

Have the link to the VOD?

Description

Time

  • Played on: Dec. 12, 2017, 8:49 a.m.
  • Length: 12:00
Show
View Real Time Build Order
Export as new Build Order

LogicPuzzle Zerg - Winner!

Build Orders: Hatch First 

Get SALT Encoding   

  12  0:02  Drone  
  13  0:13  Drone  
  14  0:16  Overlord  
  14  0:35  Drone x2  
  16  0:36  Drone  
  17  0:59  Hatchery  
  17  1:03  Drone  
  17  1:07  Extractor  
  17  1:11  Drone  
  17  1:18  Spawning Pool  
  16  1:19  Drone  
  17  1:30  Drone  
  18  1:33  Overlord  
  18  1:41  Drone  
  19  1:52  Drone  
  20  2:04  Drone  
  21  2:08  Queen  
  21  2:10  Extractor  
  21  2:11  Queen  
  21  2:13  Drone  
  25  2:18  Drone  
  25  2:22  Metabolic Boost  
  26  2:25  Drone  
  26  2:29  Drone  
  28  2:38  Drone x2  
  28  2:44  Overlord  
  30  2:51  Drone  
  31  2:59  Roach Warren, Lair  
  30  3:06  Drone x2  
  30  3:07  Drone  
  30  3:08  Drone  
  34  3:15  Queen  
  36  3:22  Overlord  
  36  3:23  Drone  
  36  3:24  Drone  
  38  3:30  Extractor  
  38  3:33  Drone x3  
  40  3:43  Drone x3  
  43  3:57  Roach  
  43  3:58  Roach x3  
  43  4:00  Drone  
  43  4:01  Overlord  
  52  4:08  Glial Reconstitution  
  52  4:26  Extractor  
  52  4:30  Extractor  
  50  4:39  Overlord  
  50  4:40  Roach x5  
  50  4:41  Hatchery  
  59  4:50  Overlord x2  
  59  5:00  Roach  
  59  5:01  Roach x3  
  67  5:09  Ravager  
  67  5:13  Ravager  
  69  5:15  Roach  
  69  5:17  Drone  
  69  5:18  Drone x3  
  69  5:20  Drone  
  76  5:34  Roach x4  
  84  5:46  Overlord x2  
  88  5:57  Roach x3  
  90  6:04  Queen, Overlord x2  
  90  6:06  Roach x7  
  106  6:18  Overlord  
  106  6:19  Overlord  
  106  6:28  Roach  
  106  6:29  Roach x3  
  114  6:41  Evolution Chamber  
  114  6:43  Evolution Chamber  
  114  6:44  Infestation Pit  
  114  6:46  Overlord x2  
  111  6:47  Drone  
  111  6:48  Drone x2  
  111  6:49  Drone  
  115  7:01  Roach x3  
  121  7:09  Zerg Missile Weapons Level 1  
  121  7:10  Zerg Ground Armor Level 1  
  121  7:22  Overlord  
  121  7:23  Drone x5  
  122  7:40  Roach  
  122  7:41  Roach x6  
  114  7:55  Roach, Pathogen Glands  
  114  7:56  Roach x3  
  107  8:21  Roach x9  
  107  8:22  Roach x2  
  118  8:51  Roach x9  
  134  8:59  Infestor  
  126  9:11  Roach x10  
  130  9:36  Roach x6  
  140  9:42  Overseer  
  136  9:50  Drone x4  
  118  10:16  Roach x9  
  136  10:29  Roach x3  
  136  10:30  Roach x6  
  154  10:44  Extractor  
  154  10:48  Roach x3, Extractor  
  158  10:56  Hatchery  
  157  11:03  Drone x3  
  161  11:04  Drone  
  161  11:10  Hydralisk Den  
  160  11:14  Infestor  
  162  11:26  Overlord x5  
Show
View Real Time Build Order
Export as new Build Order

A.I. 1 (Elite) Protoss 

Build Orders: Colossus Rush 

Get SALT Encoding   

  12  0:00  Probe  
  13  0:13  Probe  
  14  0:20  Pylon  
  14  0:25  Probe  
  15  0:38  Probe  
  16  0:47  Assimilator  
  16  0:50  Probe, Gateway  
  17  1:01  Pylon  
  17  1:02  Probe  
  18  1:14  Probe  
  19  1:26  Probe  
  20  1:38  Probe  
  20  1:39  Zealot  
  23  1:40  Cybernetics Core  
  23  1:50  Probe  
  24  2:02  Nexus, Probe  
  25  2:14  Probe  
  26  2:17  Warp Gate  
  26  2:21  Stalker  
  28  2:27  Probe  
  29  2:35  Pylon  
  29  2:39  Probe  
  30  2:44  Gateway  
  30  2:48  Assimilator  
  30  2:51  Probe  
  31  2:56  Adept  
  33  3:03  Probe  
  34  3:05  Pylon  
  34  3:14  Probe  
  34  3:15  Probe  
  36  3:23  Adept  
  36  3:26  Probe  
  39  3:27  Probe  
  40  3:35  Robotics Facility  
  40  3:37  Adept  
  40  3:39  Probe  
  43  3:41  Probe  
  44  3:50  Adept  
  44  3:51  Probe  
  44  3:53  Probe  
  48  4:03  Probe  
  48  4:04  Adept  
  48  4:05  Probe  
  52  4:15  Probe  
  53  4:17  Probe  
  54  4:24  Robotics Bay  
  54  4:25  Adept  
  54  4:26  Pylon  
  54  4:27  Observer  
  54  4:28  Probe  
  54  4:30  Probe  
  59  4:36  Robotics Facility  
  59  4:40  Probe  
  59  4:42  Pylon, Stalker  
  62  4:49  Stalker  
  62  4:52  Probe  
  65  4:54  Probe, Pylon  
  66  5:14  Gateway  
  66  5:23  Zealot, Pylon  
  66  5:26  Zealot, Colossus  
  76  5:37  Pylon  
  76  5:43  Probe, Zealot  
  76  5:44  Probe  
  76  5:45  Assimilator  
  76  5:46  Zealot  
  82  5:50  Twilight Council  
  82  5:51  Assimilator  
  82  6:03  Stalker  
  84  6:08  Probe x2  
  84  6:11  Forge  
  86  6:16  Nexus, Forge  
  86  6:20  Probe x2  
  88  6:26  Pylon  
  88  6:28  Dark Shrine  
  88  6:32  Probe  
  89  6:39  Sentry  
  91  6:44  Stalker  
  93  6:47  Zealot  
  93  6:50  Pylon  
  95  7:02  Zealot  
  95  7:07  Zealot x2  
  101  7:08  Immortal  
  101  7:10  Pylon  
  105  7:22  Zealot  
  105  7:27  Zealot, Stalker  
  105  7:29  Probe x3  
  114  7:34  Pylon  
  110  7:41  Probe  
  110  7:42  Probe  
  110  7:43  Zealot, Probe  
  105  7:45  Assimilator  
  105  7:47  Assimilator, Dark Templar  
  105  7:50  Sentry  
  83  7:53  Probe  
  83  7:54  Probe  
  83  7:55  Probe  
  78  8:03  Immortal, Stalker  
  78  8:05  Probe  
  75  8:07  Probe  
  75  8:08  Probe  
  72  8:13  Adept  
  72  8:17  Probe  
  72  8:19  Zealot, Probe  
  75  8:20  Probe  
  75  8:26  Dark Templar  
  71  8:29  Probe  
  71  8:31  Probe  
  71  8:32  Probe  
  71  8:33  Zealot  
  73  8:39  Adept  
  72  8:41  Probe  
  72  8:44  Probe  
  71  8:53  Adept  
  71  8:54  Probe  
  62  8:58  Zealot  
  62  8:59  Zealot  
  62  9:02  Probe  
  60  9:06  Probe  
  54  9:13  Zealot  
  54  9:14  Probe  
  57  9:18  Sentry, Probe  
  57  9:19  Adept  
  57  9:23  Nexus  
  58  9:32  Probe  
  58  9:33  Probe, Adept  
  58  9:39  Stalker  
  58  9:41  Sentry  
  58  9:44  Probe  
  51  9:53  Sentry, Probe  
  51  9:57  Probe  
  53  10:02  Stalker  
  53  10:04  Stalker  
  53  10:05  Probe  
  50  10:25  Stalker  
  50  10:27  Sentry  
  50  10:29  Twilight Council  
  29  10:48  Adept  
  17  11:56  Pylon  
Tags
 
League
Gold
Matchup
PvZ
Spawn Locations
Cross Positions
Add a new tag
Caveats
  • Supply blocks, unpowered buildings, or Contaminate may cause inaccurate times.
  • Supply counts are checked every 10 seconds.